 Dungeon Crawl Stone Soup version 0.28-a0-872-g80cf8599ee (webtiles) character file.

Game seed: 17065738439193446270

3045 sanka the Agent of Entropy (level 9, -3/79 HPs)
             Began as a Palentonga Abyssal Knight on Nov 20, 2021.
             Was a Priest of Lugonu.
             Slain by a warg (11 damage)
             ... on level 8 of the Dungeon.
             The game lasted 00:16:26 (8572 turns).

sanka the Agent of Entropy (PaAK)                   Turns: 8572, Time: 00:16:27

Health: -3/79      AC: 20    Str: 21    XL:     9   Next: 56%
Magic:  15/15      EV:  9    Int: 10    God:    Lugonu [***...]
Gold:   361        SH:  0    Dex: 12    Spells: 8/8 levels left

rFire   . . .      SeeInvis +   a - +0 war axe (flame)
rCold   + . .      Faith    .   (no shield)
rNeg    . . .      Spirit   .   u - +2 leather armour {rC+}
rPois   +          Reflect  .   (no helmet)
rElec   .          Harm     .   k - +2 cloak
rCorr   .          Rampage  .   (no gloves)
Will    .....                   (no barding)
Stlth   ++........              (no amulet)
HPRegen 0.23/turn               x - ring of poison resistance
MPRegen 0.14/turn               p - +4 ring of protection

@: curled up
A: large, rugged brown scales 3, see invisible, deformed body, roll 1, armoured
tail, reflexive curl, camouflage 1, strong 1
a: Rolling Charge, Renounce Religion, Depart the Abyss, Bend Space, Banish


You were on level 8 of the Dungeon.
You worshipped Lugonu.
Lugonu was most pleased with you.
You visited 1 branch of the dungeon, and saw 8 of its levels.
You visited the Abyss 1 time.

You collected 361 gold pieces.


Innate Abilities, Weirdness & Mutations

You are completely covered in rugged brown scales. (AC +3, +7% HP)
You have supernaturally acute eyesight. (SInv)
Armour fits poorly on your strangely shaped body.
You can roll at nearby foes to attack.
You have a long armoured tail.
You curl defensively after being hit. (AC +7*)
Your skin changes colour to match your surroundings (Stealth+).
Your muscles are strong. (Str +2)


   Skills:
 - Level 8.0 Fighting
 - Level 8.0 Axes
 - Level 1.5 Armour
 - Level 0.7 Dodging
 + Level 3.2 Shields
 - Level 8.0 Invocations


You had 8 spell levels left.
You didn't know any spells.
Your spell library contained the following spells:

 Spells                   Type           Power      Damage    Failure   Level
 Pain                     Necr           0%         1d4       41%         1
 Blink                    Tloc           0%         N/A       54%         2
 Lesser Beckoning         Tloc           0%         N/A       78%         3
 Agony                    Necr           0%         N/A       100%        5
 Excruciating Wounds      Necr           0%         N/A       100%        5
 Manifold Assault         Tloc           0%         N/A       100%        5

Inventory:

Hand Weapons
 a - a +0 war axe of flaming (weapon)
 b - a +1 whip of venom
 C - a +0 whip of electrocution
Armour
 g - a +0 tower shield
 k - a +2 cloak (worn)
 u - a +2 leather armour of cold resistance (worn)
Magical Staves
 f - a staff of cold
Jewellery
 p - a +4 ring of protection (right hand)
 x - a ring of poison resistance (left hand)
Wands
 z - a wand of paralysis (9)
Scrolls
 d - 3 scrolls of teleportation {@r4}
 h - a scroll of amnesia {unknown}
 i - 2 scrolls of magic mapping
 m - a scroll of blinking {unknown}
 n - a scroll of enchant weapon {unknown}
 q - a scroll of noise {!r}
 r - a scroll of enchant armour
 s - 2 scrolls of torment {!r}
 y - a scroll of immolation {unknown}
 A - a scroll of holy word
 D - a scroll of silence {unknown}
Potions
 c - a potion of flight {unknown}
 e - 2 potions of brilliance {unknown}
 j - a potion of resistance {unknown}
 l - 4 potions of curing {@q1}
 o - a potion of cancellation {unknown}
 t - a potion of haste {unknown}
 v - 2 potions of ambrosia {unknown}
 w - a potion of might {unknown}
 B - a potion of attraction {unknown}

Dungeon Overview and Level Annotations

Branches:
Dungeon (8/15)             Temple (0/1) D:7            Lair (0/6) D:8

Altars:
Elyvilon
Xom

Shops:
D:2 *

Annotations:
D:8 Maggie

+.▒ ▒...▒ ▒.▒ ▒...▒
....▒ ▒.▒ ▒...▒ ....▒
▒.▒ ▒...▒ ..).▒
▒.▒▒▒...▒▒ ▒▒....▒▒▒
+........▒▒ ▒........
▒.▒▒▒▒▒▒..▒ ▒........
▒.▒▒▒▒▒▒▒.▒▒▒▒▒▒.@......
.............)..Hh......
........................
..▒▒▒▒▒▒▒..▒▒▒†▒........
..▒ ▒▒.▒ ▒.▒...(.... ..▒
▒.▒▒▒.▒▒▒▒▒▒▒▒▒ ..▒
▒..▒▒.▒ ..▒▒▒ ▒▒.▒▒.▒
....▒▒▒ ▒..▒.▒
......▒▒▒▒▒▒.▒.▒▒


You could see Maggie and a warg.


Message History

Maggie gestures at you while chanting. The bolt of fire hits you!!
You hit Maggie. You burn Maggie. You tail-slap Maggie.
Maggie is heavily wounded.
Maggie hits you but does no damage. Maggie casts a spell at you.
The bolt of fire hits you!
* * * LOW HITPOINT WARNING * * *
You slash Maggie! You burn Maggie. You tail-slap Maggie, but do no damage.
Maggie is severely wounded.
Maggie hits you with a +0 glaive!
* * * LOW HITPOINT WARNING * * *
Unknown command.
You closely miss Maggie.
Maggie is severely wounded.
Maggie gestures at you while chanting. The bolt of fire hits you!
* * * LOW HITPOINT WARNING * * *
You closely miss Maggie. You tail-slap Maggie, but do no damage.
Maggie is severely wounded.
Maggie points at you and mumbles some strange words.
The bolt of fire hits you!
* * * LOW HITPOINT WARNING * * *
The warg bites you!
You die...

Action                   |  1- 3 |  4- 6 |  7- 9 || total
-------------------------+-------+-------+-------++-------
Melee: Hand axe          |    26 |     7 |    52 ||    85
       Short sword       |    47 |   114 |    83 ||   244
       Tailslap          |     2 |    14 |    42 ||    58
       War axe           |       |       |   102 ||   102
Invok: Banish            |       |       |     4 ||     4
 Abil: Rolling Charge    |     2 |     3 |    10 ||    15
  Use: Potion            |     3 |       |     2 ||     5
       Scroll            |       |     2 |     7 ||     9
 Stab: Sleeping          |       |     2 |     2 ||     4
Armor: Leather armour    |    23 |    36 |   124 ||   183
Dodge: Dodged            |    33 |    46 |    96 ||   175

Levels and vault maps discovered:
D:1:      dpeg_arrival_arbitrary_a, layout_basic
D:2:      layout_rooms, basic_altar, hellmonk_ecumenical_altar_heavens_door,
          serial_shops, shop, kennysheep_generic_room_8
D:3:      layout_basic, uniq_sigmund
D:4:      layout_cave_pools, kennysheep_mini, minmay_misc_feat_five, uniq_pikel
D:5:      layout_rooms
D:6:      layout_rooms, minmay_misc_feat_plants
D:7:      layout_basic, minmay_temple_entry_waves, kennysheep_generic_room_3
D:8:      layout_basic, erik_lair_orcish_takeover, guppyfry_shop_venom,
          uniq_maggie

Notes
Turn   | Place    | Note
-------+----------+-------------------------------------------
     0 | Abyss:1  | sanka the Palentonga Abyssal Knight began the quest for the
                  | Orb.
     0 | Abyss:1  | Reached XP level 1. HP: 19/19 MP: 2/2
    17 | D:1      | Escaped the Abyss
   756 | D:1      | Reached XP level 2. HP: 19/25 MP: 3/3
  1208 | D:2      | Found a faded altar of an unknown god.
  1295 | D:2      | Reached skill level 3 in Axes
  1408 | D:2      | Found Radut's Assorted Antiques.
  1437 | D:2      | Reached ** piety under Lugonu
  1479 | D:2      | Gained mutation: Your muscles are strong. (Str +2) [potion
                  | of mutation]
  1479 | D:2      | Gained mutation: Your skin changes colour to match your
                  | surroundings (Stealth+). [potion of mutation]
  1479 | D:2      | HP: 1/25 [poisoned by an adder]
  1480 | D:2      | Reached XP level 3. HP: 1/31 MP: 4/4
  1922 | D:2      | Found a shimmering altar of Xom.
  2005 | D:3      | Noticed Sigmund
  2022 | D:3      | Killed Sigmund
  2023 | D:3      | Reached skill level 4 in Fighting
  2023 | D:3      | Reached skill level 4 in Axes
  2023 | D:3      | Reached skill level 3 in Invocations
  2023 | D:3      | Reached XP level 4. HP: 6/39 MP: 4/6
  2023 | D:3      | Reached XP level 5. HP: 7/44 MP: 4/7
  2701 | D:4      | Noticed a lemure
  2706 | D:4      | Noticed a lemure
  2708 | D:4      | Noticed a lemure
  2709 | D:4      | Noticed Pikel
  2722 | D:3      | Killed a lemure
  3052 | D:4      | Reached skill level 4 in Invocations
  3052 | D:4      | Reached XP level 6. HP: 52/52 MP: 7/9
  4100 | D:4      | Found a white marble altar of Elyvilon.
  4264 | D:4      | Reached skill level 5 in Fighting
  4326 | D:4      | Killed Pikel
  4327 | D:4      | Reached skill level 5 in Axes
  4327 | D:4      | Reached skill level 5 in Invocations
  4327 | D:4      | Gained mutation: You curl defensively after being hit. (AC
                  | +7*) [Palentonga growth]
  4327 | D:4      | Reached XP level 7. HP: 46/60 MP: 9/11
  4490 | D:5      | Entered Level 5 of the Dungeon
  4500 | D:5      | Reached XP level 8. HP: 67/68 MP: 12/12
  4534 | D:5      | Reached skill level 6 in Fighting
  4534 | D:5      | Reached skill level 6 in Axes
  4534 | D:5      | Reached skill level 6 in Invocations
  4921 | D:5      | Reached skill level 7 in Invocations
  5595 | D:5      | Reached skill level 8 in Invocations
  5600 | D:5      | Reached *** piety under Lugonu
  6479 | D:6      | Reached skill level 7 in Fighting
  6479 | D:6      | Reached skill level 7 in Axes
  6569 | D:6      | Reached XP level 9. HP: 77/77 MP: 15/15
  7231 | D:7      | Found a staircase to the Ecumenical Temple.
  7609 | D:8      | Identified +0 steam dragon scales
  7609 | D:8      | Noticed Maggie
  7948 | D:8      | Found a staircase to the Lair.
  7958 | D:8      | Reached skill level 1 in Shields
  7968 | D:8      | Reached skill level 8 in Fighting
  7968 | D:8      | Reached skill level 8 in Axes
  7987 | D:8      | HP: 7/79 [warg (2)]
  7989 | D:8      | Reached skill level 2 in Shields
  8567 | D:8      | Reached skill level 3 in Shields
  8571 | D:8      | HP: 2/79 [Maggie/bolt of fire (11)]
  8572 | D:8      | Slain by a warg

Vanquished Creatures
  Pikel (D:4)
  Sigmund (D:3)
  A warg (D:8)
  A water moccasin (D:7)
  A hornet zombie (D:6)
  A sky beast (D:5)
  A necrophage (D:6)
  An ogre (D:5)
  A centaur (D:7)
  3 lemures
  A kobold brigand (D:8)
  3 bullfrogs
  A gnoll sergeant (D:5)
  3 scorpions
  A water moccasin skeleton (D:4)
  3 wights (D:6)
  A howler monkey (D:6)
  2 jellies (D:6)
  A bullfrog skeleton (D:7)
  3 orc priests
  A gnoll shaman (D:6)
  6 hounds
  2 iguanas (D:6)
  5 orc wizards
  A killer bee zombie (D:6)
  A hound zombie (D:5)
  A howler monkey zombie (D:8)
  2 adders
  12 gnolls
  2 shadow imps
  A white imp (D:5)
  A worm (D:2)
  A dart slug (D:2)
  20 orcs
  3 endoplasms
  A giant cockroach (D:2)
  6 goblins
  5 hobgoblins
  4 jackals
  10 kobolds
  3 quokkas
  3 ball pythons
  2 frilled lizards
  4 rats
128 creatures vanquished.

Vanquished Creatures (others)
  An orc (D:8)
1 creature vanquished.

Grand Total: 129 creatures vanquished
